 Dungeon Crawl Stone Soup version 0.22-a0-181-gb22368a (webtiles) character file.

1222 kuniqs the Shield-Bearer (level 8, -4/71 HPs)
             Began as a Minotaur Fighter on Feb 14, 2018.
             Hit by a tomahawk thrown by an orc warrior (8 damage)
             ... on level 6 of the Dungeon.
             The game lasted 00:08:24 (4628 turns).

kuniqs the Shield-Bearer (Minotaur Fighter)         Turns: 4628, Time: 00:08:25

Health: -4/71      AC: 11    Str: 20    XL:     8   Next: 23%
Magic:  7/7        EV: 13    Int:  5    God:
Gold:   204        SH: 11    Dex: 18    Spells: 7/7 levels left

rFire    + . .     SeeInvis +   a - +0 war axe
rCold    . . .     Gourm    .   c - +0 shield
rNeg     . . .     Faith    .   q - +0 chain mail
rPois    .         Spirit   .   (helmet restricted)
rElec    .         Reflect  .   (no cloak)
rCorr    .         Harm     .   (no gloves)
MR       +....                  m - +0 pair of boots
Stlth    +.........             (no amulet)
HPRegen  0.21/turn              o - ring of see invisible
MPRegen  0.10/turn              x - ring of protection from magic

@: agile, lethally poisoned (-4 -> -7)
A: retaliatory headbutt, horns 2, camouflage 1, fire resistance 1, wild magic 1
a: no special abilities


You were on level 6 of the Dungeon.
You were not hungry.

You visited 1 branch of the dungeon, and saw 6 of its levels.

You collected 204 gold pieces.

Inventory:

Hand Weapons
 a - a +0 war axe (weapon)
 n - a +0 blowgun
Missiles
 d - a curare-tipped needle
Armour
 c - a +0 shield (worn)
 m - a +0 pair of boots (worn)
 q - a +0 chain mail (worn)
Jewellery
 o - a ring of see invisible (left hand)
 x - a ring of protection from magic (right hand)
Wands
 r - a wand of random effects (29)
 y - a wand of digging (11)
Scrolls
 g - a scroll of teleportation {unknown}
 h - 2 scrolls of remove curse {@r2}
 i - 3 scrolls of enchant armour {unknown}
 j - a scroll of blinking {unknown}
 k - a scroll of magic mapping {unknown}
 l - a scroll of identify {@r1}
 p - 2 scrolls of immolation {unknown}
 v - a scroll of noise {unknown}
Potions
 b - a potion of cancellation
 s - a potion of might
 t - 2 potions of lignification
 u - a potion of mutation
Comestibles
 f - 10 rations
 w - 10 chunks of flesh


   Skills:
 + Level 6.4 Fighting
 + Level 5.8 Axes
 + Level 6.3 Armour
 + Level 4.5 Dodging
 + Level 6.4 Shields


You had 7 spell levels left.
You didn't know any spells.

Dungeon Overview and Level Annotations

Branches:
Dungeon (6/15)
 Temple: D:4-7

Altars:
Ashenzari
Cheibriados

Shops:
D:4 [


Innate Abilities, Weirdness & Mutations

You reflexively headbutt those who attack you in melee.
You have a pair of horns on your head.
Your skin changes colour to match your surroundings (Stealth+).
Your flesh is heat resistant. (rF+)
Your spells are a little harder to cast, but a little more powerful.


Message History

You feel sick.
* * * LOW HITPOINT WARNING * * *
You feel sick.
* * * LOW HITPOINT WARNING * * *
You feel sick.
The orc wizard mumbles some strange words.
The orc wizard blinks!
The orc warrior throws a tomahawk.
The tomahawk closely misses you.
* * * LOW HITPOINT WARNING * * *
You feel sick.
* * * LOW HITPOINT WARNING * * *
You feel sick.
* * * LOW HITPOINT WARNING * * *
You feel sick.
* * * LOW HITPOINT WARNING * * *
You feel sick.
The orc warrior throws a tomahawk.
The tomahawk misses you.
You see here a tomahawk.
* * * LOW HITPOINT WARNING * * *
You feel sick.
The orc warrior throws a tomahawk.
The tomahawk hits you!
You die...

#o#.# ...........# #ยง#
...........# #.#
...........# #(#
..........# #o#
..........# #.#
########.########## #.#
#...........
#o#####################.
#(....(@.......# #.
##############.# #. #.#
#. #.# #. #.# #. #.# #.
#.########. #..........
###########


You could see an orc warrior.

Vanquished Creatures
  A hippogriff (D:4)
  An ice beast (D:5)
  An ogre (D:5)
  2 centaurs
  2 scorpions
  2 wights (D:6)
  2 howler monkeys
  A centaur skeleton (D:4)
  3 hounds
  An orc priest (D:3)
  3 worker ants
  2 hound skeletons (D:5)
  8 adders
  An adder skeleton (D:6)
  4 worms
  3 dart slugs
  A leopard gecko (D:1)
  18 orcs
  7 bats
  2 giant cockroaches
  7 goblins
  8 hobgoblins
  10 jackals
  A ball python (D:1)
  5 frilled lizards
  6 kobolds
  7 rats
109 creatures vanquished.

Notes
Turn   | Place    | Note
-------+----------+-------------------------------------------
     0 | D:1      | kuniqs the Minotaur Fighter began the quest for the Orb.
     0 | D:1      | Reached XP level 1. HP: 19/19 MP: 0/0
   360 | D:1      | Reached XP level 2. HP: 27/27 MP: 1/1
   427 | D:1      | Reached skill level 1 in Dodging
   742 | D:2      | Reached XP level 3. HP: 30/33 MP: 2/2
   998 | D:2      | Found a snail-covered altar of Cheibriados.
  1307 | D:2      | Reached XP level 4. HP: 37/40 MP: 3/3
  1385 | D:3      | Noticed an orc warrior
  1426 | D:2      | HP: 1/40 [orc warrior/war axe (15)]
  1765 | D:3      | Reached XP level 5. HP: 8/47 MP: 4/4
  2176 | D:3      | Gained mutation: Your skin changes colour to match your surroundings (Stealth+). [potion of mutation]
  2176 | D:3      | Gained mutation: Your spells are a little harder to cast, but a little more powerful. [potion of mutation]
  2176 | D:3      | Gained mutation: Your flesh is heat resistant. (rF+) [potion of mutation]
  2177 | D:3      | HP: 2/47 [poisoned by kobold (curare-tipped needle)]
  2922 | D:4      | Found Oseceute's Antique Armour Boutique.
  2973 | D:4      | Reached XP level 6. HP: 55/55 MP: 5/5
  3120 | D:4      | Noticed a hippogriff
  3127 | D:4      | Killed a hippogriff
  3127 | D:4      | Reached skill level 5 in Fighting
  3127 | D:4      | Reached skill level 5 in Armour
  3127 | D:4      | Reached skill level 5 in Shields
  3210 | D:4      | Reached XP level 7. HP: 60/61 MP: 6/6
  3610 | D:5      | Entered Level 5 of the Dungeon
  3791 | D:5      | Found a shattered altar of Ashenzari.
  3907 | D:5      | Reached skill level 5 in Axes
  4431 | D:6      | Reached XP level 8. HP: 70/70 MP: 7/7
  4628 | D:6      | Hit by a tomahawk thrown by an orc warrior

Vault maps used:
D:1:      minmay_arrival_plants_in_alcoves, minmay_misc_feat_square
D:2:      first_ration, kennysheep_slug_shrine
D:4:      serial_shops, shop
D:5:      evilmike_ruin_ashenzari
D:6:      lemuel_oklob_altar

Skill      XL: |  1  2  3  4  5  6  7 |
---------------+----------------------+-----
Dodging        | 1 2 3 4 |  4.5
Shields        | 4 5 6 |  6.4
Fighting       | 4 5 6 |  6.4
Armour         | 4 5 6 |  6.3
Axes           | 3 4 5 |  5.8

Action                   |  1- 3 |  4- 6 |  7- 9 || total
-------------------------+-------+-------+-------++-------
Melee: War axe           |    89 |   117 |    93 ||   299
       Headbutt          |    13 |    25 |    19 ||    57
 Fire: Blowgun           |       |       |     3 ||     3
  Use: Potion            |       |     4 |     1 ||     5
       Scroll            |       |     5 |       ||     5
  Eat: Chunk             |     1 |     7 |     4 ||    12
Armor: Scale mail        |    50 |    14 |       ||    64
       Chain mail        |       |    36 |    36 ||    72
Dodge: Dodged            |    19 |    34 |    21 ||    74
Block: Shield            |    55 |    69 |    65 ||   189

Table legend:
 A = Spawn XP
 B = Non-spawn XP
 C = Spawn XP percentage of total XP
 D = Spawn monster count
 E = Non-spawn monster count
 F = Spawn count percentage of total count
 G = Total turns spent on level
                    A         B        C        D         E        F      G
               +---------+---------+-------+---------+---------+-------+---------
         Total |       0 |    1747 |   0.0 |       0 |     109 |   0.0 |  4628
               +---------+---------+-------+---------+---------+-------+---------
           D:1 |       0 |      32 |   0.0 |       0 |      18 |   0.0 |   948
           D:2 |       0 |      76 |   0.0 |       0 |      26 |   0.0 |   686
           D:3 |       0 |     126 |   0.0 |       0 |      28 |   0.0 |  1207
           D:4 |       0 |     587 |   0.0 |       0 |      14 |   0.0 |   769
           D:5 |       0 |     533 |   0.0 |       0 |      12 |   0.0 |   758
           D:6 |       0 |     393 |   0.0 |       0 |      11 |   0.0 |   260
               +---------+---------+-------+---------+---------+-------+---------
